[ AOE2 MATCH · #472142227 ]
UnrankedKhmer vs Bohemians
[ REPLAY ANALYSIS · EXTRACTED FROM THE RECORDED GAME ]
Feudal
12:05
Castle
15:59
Imperial
—
| APM avg | 35.8 |
| APM peak | 83 |
| eAPM avg | 19.4 |
| Villagers / military | 96 / 0 |
Focus
⚔️ 12.3% · 🌾 87.7%
Feudal
—
Castle
—
Imperial
—
| APM avg | 17.7 |
| APM peak | 41 |
| eAPM avg | 13.4 |
| Villagers / military | 91 / 17 |
Focus
⚔️ 22.9% · 🌾 77.1%
Battering Ram ×8 · Petard ×7 · Monk ×1 · Hussite Wagon ×1
Feudal
—
Castle
—
Imperial
—
| APM avg | 27.6 |
| APM peak | 64 |
| eAPM avg | 18.6 |
| Villagers / military | 116 / 69 |
Focus
⚔️ 27.8% · 🌾 72.2%
Steppe Lancer ×49 · Knight ×16 · Camel Scout ×4
Feudal
11:35
Castle
15:05
Imperial
—
| APM avg | 17.8 |
| APM peak | 47 |
| eAPM avg | 10.6 |
| Villagers / military | 94 / 11 |
Focus
⚔️ 8.6% · 🌾 91.4%
Mangonel ×6 · Monk ×3 · Knight ×2
Feudal
—
Castle
—
Imperial
—
| APM avg | 20.7 |
| APM peak | 59 |
| eAPM avg | 12.2 |
| Villagers / military | 103 / 24 |
Focus
⚔️ 16.8% · 🌾 83.2%
Scout Cavalry ×10 · Battering Ram ×7 · Scorpion ×5 · Monk ×2
Feudal
12:44
Castle
16:14
Imperial
22:41
| APM avg | 18.7 |
| APM peak | 54 |
| eAPM avg | 11.0 |
| Villagers / military | 45 / 10 |
Focus
⚔️ 12.3% · 🌾 87.7%
Genoese Crossbowman ×4 · Trebuchet (Packed) ×3 · Mangonel ×2 · Spearman ×1
Feudal
—
Castle
—
Imperial
—
| APM avg | 23.5 |
| APM peak | 63 |
| eAPM avg | 11.7 |
| Villagers / military | 63 / 46 |
Focus
⚔️ 21.0% · 🌾 79.0%
Scorpion ×34 · Battering Ram ×12
Feudal
11:00
Castle
15:45
Imperial
—
| APM avg | 21.0 |
| APM peak | 49 |
| eAPM avg | 15.0 |
| Villagers / military | 97 / 13 |
Focus
⚔️ 11.2% · 🌾 88.8%
Knight ×8 · Throwing Axeman ×5
Match map
Initial resources + every placement click. Lines = walls · curves = elevation contours. ◆ gold · ⬟ stone · ● berries · ✦ relic · ◌ wall gap
Your base· ✓ Closed at 15:59 · 0t walls · 2 gate(s)
ALPO4769's base· ✓ Closed at 12:25 · 0t walls · 2 gate(s)
Zilchland's base· ✓ Closed at 19:52 · 0t walls · 2 gate(s)
Don Pollo's base· ✓ Closed at 15:05 · 0t walls · 3 gate(s)
Shawzy Ze Great's base· ✓ Closed at 11:03 · 0t walls · 3 gate(s)
P.T.D.Q's base· ✓ Closed at 16:14 · 1t walls · 3 gate(s)
ChancellorTS's base· ✓ Closed at 11:27 · 0t walls · 3 gate(s)
hofbauerniclas's base· ✓ Closed at 15:45 · 0t walls · 2 gate(s)
Smoothed initial terrain · ◌ = detected wall gap · hover for details
Inputs per minute
— SoldierBoy - - ALPO4769
Build order — SoldierBoy
First 150 of 203 actions detected
| 0:00 | Create | Villager (Male) |
| 0:01 | Create | Villager (Male) |
| 0:01 | Create | Villager (Male) |
| 0:01 | Create | Villager (Male) |
| 0:02 | Build | House |
| 0:03 | Build | House |
| 1:23 | Create | Villager (Male) |
| 2:03 | Create | Villager (Male) |
| 2:14 | Create | Villager (Male) |
| 2:49 | Create | Villager (Male) |
| 2:49 | Create | Villager (Male) |
| 2:57 | Create | Villager (Male) |
| 3:27 | Build | House |
| 3:28 | Build | House |
| 3:29 | Build | House |
| 3:43 | Create | Villager (Male) |
| 3:44 | Create | Villager (Male) |
| 3:52 | Create | Villager (Male) |
| 3:52 | Create | Villager (Male) |
| 4:34 | Create | Villager (Male) |
| 4:50 | Create | Villager (Male) |
| 4:51 | Create | Villager (Male) |
| 5:18 | Build | Lumber Camp |
| 5:31 | Create | Villager (Male) |
| 5:31 | Create | Villager (Male) |
| 5:52 | Create | Villager (Male) |
| 5:53 | Create | Villager (Male) |
| 6:13 | Build | Mill |
| 7:05 | Build | Farm |
| 7:25 | Create | Villager (Male) |
| 7:25 | Create | Villager (Male) |
| 7:25 | Create | Villager (Male) |
| 7:26 | Create | Villager (Male) |
| 7:50 | Build | Mill |
| 8:18 | Build | Farm |
| 8:43 | Create | Villager (Male) |
| 8:43 | Create | Villager (Male) |
| 9:07 | Build | Farm |
| 9:37 | Research | Feudal Age |
| 9:43 | Build | Farm |
| 9:57 | Build | Farm |
| 10:18 | Build | Farm |
| 10:20 | Create | Villager (Male) |
| 11:30 | Build | Farm |
| 11:31 | Build | Farm |
| 12:05 | Age | Feudal Age |
| 12:12 | Build | Market |
| 12:17 | Research | Double-Bit Axe |
| 12:54 | Create | Villager (Male) |
| 13:04 | Research | Castle Age |
| 13:47 | Create | Villager (Male) |
| 13:47 | Create | Villager (Male) |
| 13:53 | Research | Horse Collar |
| 15:47 | Create | Villager (Male) |
| 15:59 | Age | Castle Age |
| 16:00 | Build | Town Center |
| 16:10 | Build | Town Center |
| 16:12 | Research | Bow Saw |
| 16:30 | Research | Heavy Plow |
| 16:39 | Build | House |
| 16:40 | Build | House |
| 16:43 | Create | Villager (Male) |
| 16:43 | Create | Villager (Male) |
| 16:49 | Build | House |
| 16:55 | Create | Villager (Male) |
| 16:55 | Create | Villager (Male) |
| 16:59 | Create | Villager (Male) |
| 17:13 | Build | Farm |
| 17:18 | Create | Villager (Male) |
| 17:19 | Create | Villager (Male) |
| 17:19 | Create | Villager (Male) |
| 17:19 | Create | Villager (Male) |
| 17:20 | Create | Villager (Male) |
| 17:23 | Build | House |
| 17:24 | Build | House |
| 17:39 | Create | Villager (Male) |
| 17:40 | Create | Villager (Male) |
| 17:47 | Build | House |
| 17:48 | Build | House |
| 17:52 | Build | Farm |
| 17:57 | Build | Farm |
| 18:00 | Build | Farm |
| 18:01 | Create | Villager (Male) |
| 18:01 | Create | Villager (Male) |
| 18:04 | Build | Farm |
| 18:06 | Build | Farm |
| 18:10 | Build | Farm |
| 18:11 | Create | Villager (Male) |
| 18:27 | Create | Villager (Male) |
| 19:28 | Build | Town Center |
| 21:10 | Build | Farm |
| 21:11 | Build | Farm |
| 21:13 | Build | Farm |
| 21:27 | Create | Villager (Male) |
| 22:06 | Build | Lumber Camp |
| 22:13 | Build | Mill |
| 22:14 | Build | Farm |
| 22:14 | Build | Farm |
| 22:14 | Build | Farm |
| 22:15 | Build | Farm |
| 22:15 | Build | Farm |
| 22:15 | Build | Farm |
| 22:16 | Build | Farm |
| 22:16 | Build | Farm |
| 22:16 | Build | Farm |
| 22:19 | Create | Villager (Male) |
| 22:24 | Build | House |
| 22:25 | Build | House |
| 22:29 | Build | House |
| 22:30 | Build | House |
| 22:36 | Build | House |
| 22:37 | Build | House |
| 22:41 | Build | House |
| 22:42 | Build | House |
| 22:45 | Create | Villager (Male) |
| 22:45 | Create | Villager (Male) |
| 22:48 | Build | House |
| 22:58 | Build | Farm |
| 23:01 | Build | Farm |
| 23:06 | Build | Farm |
| 23:17 | Create | Villager (Male) |
| 23:48 | Create | Villager (Male) |
| 23:48 | Create | Villager (Male) |
| 23:50 | Build | Town Center |
| 23:59 | Build | House |
| 24:00 | Build | House |
| 24:03 | Create | Villager (Male) |
| 24:03 | Create | Villager (Male) |
| 24:26 | Build | Town Center |
| 24:31 | Build | Farm |
| 24:44 | Build | Farm |
| 24:50 | Build | Farm |
| 24:55 | Build | Farm |
| 25:07 | Build | Farm |
| 25:08 | Create | Villager (Male) |
| 25:08 | Create | Villager (Male) |
| 25:17 | Create | Villager (Male) |
| 25:25 | Create | Villager (Male) |
| 25:28 | Create | Villager (Male) |
| 25:28 | Create | Villager (Male) |
| 25:29 | Create | Villager (Male) |
| 25:32 | Build | House |
| 25:33 | Build | House |
| 25:37 | Create | Villager (Male) |
| 25:37 | Create | Villager (Male) |
| 25:41 | Build | Farm |
| 25:44 | Build | Farm |
| 25:46 | Create | Villager (Male) |
| 25:46 | Create | Villager (Male) |
| 25:46 | Create | Villager (Male) |
Build order — ALPO4769
First 150 of 172 actions detected
| 0:01 | Create | Villager (Male) |
| 0:01 | Create | Villager (Male) |
| 0:01 | Create | Villager (Male) |
| 0:03 | Build | House |
| 0:05 | Build | House |
| 0:14 | Create | Villager (Male) |
| 1:25 | Create | Villager (Male) |
| 1:50 | Build | Lumber Camp |
| 2:01 | Create | Villager (Male) |
| 2:15 | Create | Villager (Male) |
| 2:49 | Create | Villager (Male) |
| 3:18 | Create | Villager (Male) |
| 3:40 | Create | Villager (Male) |
| 3:54 | Build | House |
| 3:58 | Build | House |
| 3:59 | Create | Villager (Male) |
| 4:27 | Create | Villager (Male) |
| 4:41 | Create | Villager (Male) |
| 4:53 | Build | Mill |
| 4:59 | Create | Villager (Male) |
| 5:50 | Create | Villager (Male) |
| 5:50 | Create | Villager (Male) |
| 5:50 | Create | Villager (Male) |
| 6:06 | Create | Villager (Male) |
| 6:06 | Create | Villager (Male) |
| 7:26 | Create | Villager (Male) |
| 7:37 | Build | Mining Camp |
| 7:40 | Create | Villager (Male) |
| 7:41 | Create | Villager (Male) |
| 7:46 | Build | House |
| 8:52 | Build | Mining Camp |
| 9:06 | Build | Farm |
| 9:12 | Build | Farm |
| 9:14 | Research | Feudal Age |
| 9:59 | Create | Villager (Male) |
| 9:59 | Create | Villager (Male) |
| 11:27 | Build | Market |
| 11:32 | Build | Blacksmith |
| 11:42 | Build | Farm |
| 11:48 | Build | Farm |
| 12:25 | Research | Castle Age |
| 13:28 | Research | Double-Bit Axe |
| 14:19 | Research | Horse Collar |
| 15:04 | Create | Villager (Male) |
| 15:04 | Create | Villager (Male) |
| 15:09 | Build | Town Center |
| 15:18 | Build | Monastery |
| 15:24 | Research | Bow Saw |
| 15:39 | Build | Farm |
| 15:45 | Build | Farm |
| 15:55 | Create | Villager (Male) |
| 15:57 | Create | Monk |
| 16:02 | Research | Town Watch |
| 16:22 | Build | House |
| 16:23 | Build | House |
| 16:32 | Build | Farm |
| 16:33 | Build | Farm |
| 16:33 | Build | Farm |
| 16:33 | Build | Farm |
| 16:48 | Create | Villager (Male) ×2 |
| 16:48 | Research | Loom |
| 16:59 | Build | Farm |
| 16:59 | Build | Farm |
| 17:00 | Build | Farm |
| 17:04 | Create | Villager (Male) |
| 17:20 | Create | Villager (Male) |
| 17:25 | Build | Farm |
| 17:26 | Build | Farm |
| 17:27 | Build | Farm |
| 17:32 | Research | Fervor |
| 17:56 | Build | Castle |
| 17:58 | Create | Villager (Male) |
| 17:58 | Create | Villager (Male) |
| 18:10 | Build | Farm |
| 18:10 | Build | Farm |
| 18:11 | Build | Farm |
| 18:29 | Create | Villager (Male) |
| 18:30 | Research | Loom |
| 19:05 | Build | House |
| 19:14 | Build | Siege Workshop |
| 19:15 | Create | Villager (Male) |
| 19:15 | Create | Villager (Male) |
| 19:52 | Create | Battering Ram |
| 19:55 | Create | Villager (Male) |
| 19:55 | Create | Villager (Male) |
| 19:55 | Create | Villager (Male) |
| 19:55 | Create | Villager (Male) |
| 20:05 | Create | Battering Ram |
| 20:28 | Create | Villager (Male) |
| 20:28 | Create | Villager (Male) |
| 20:55 | Create | Battering Ram |
| 21:26 | Research | Fletching |
| 21:28 | Create | Villager (Male) |
| 21:28 | Create | Villager (Male) |
| 21:30 | Create | Battering Ram |
| 21:44 | Create | Battering Ram |
| 21:53 | Create | Hussite Wagon |
| 22:03 | Research | Bodkin Arrow |
| 22:15 | Create | Villager (Male) |
| 22:15 | Create | Villager (Male) |
| 22:15 | Create | Villager (Male) |
| 22:15 | Create | Villager (Male) |
| 22:38 | Create | Villager (Male) |
| 22:38 | Create | Villager (Male) |
| 22:38 | Create | Villager (Male) |
| 22:38 | Create | Villager (Male) |
| 22:48 | Create | Petard ×5 |
| 22:48 | Create | Petard |
| 23:11 | Create | Villager (Male) |
| 23:11 | Create | Villager (Male) |
| 23:11 | Create | Villager (Male) |
| 23:11 | Create | Villager (Male) |
| 23:25 | Create | Villager (Male) |
| 23:25 | Create | Villager (Male) |
| 23:35 | Build | Town Center |
| 23:37 | Build | Farm |
| 23:37 | Build | Farm |
| 23:37 | Build | Farm |
| 23:37 | Build | Farm |
| 23:38 | Build | Farm |
| 23:38 | Build | Farm |
| 23:45 | Build | University |
| 24:25 | Create | Villager (Male) |
| 24:25 | Create | Villager (Male) |
| 24:26 | Create | Villager (Male) |
| 24:26 | Create | Villager (Male) |
| 24:26 | Create | Villager (Male) |
| 24:26 | Create | Villager (Male) |
| 24:30 | Create | Villager (Male) |
| 24:31 | Create | Villager (Male) |
| 24:31 | Create | Villager (Male) |
| 25:30 | Create | Petard |
| 25:45 | Create | Villager (Male) |
| 25:45 | Create | Villager (Male) |
| 25:45 | Create | Villager (Male) |
| 25:46 | Create | Villager (Male) |
| 25:46 | Create | Villager (Male) |
| 25:46 | Create | Villager (Male) |
| 25:49 | Build | House |
| 25:51 | Build | House |
| 25:52 | Build | House |
| 25:52 | Build | House |
| 25:53 | Build | House |
| 25:53 | Build | House |
| 25:53 | Build | House |
| 25:54 | Build | House |
| 26:23 | Build | Castle |
| 26:41 | Create | Battering Ram ×3 |
| 27:14 | Create | Villager (Male) |
| 27:14 | Create | Villager (Male) |
Build order — Zilchland
First 150 of 258 actions detected
| 0:02 | Create | Villager (Male) ×4 |
| 0:02 | Create | Villager (Male) |
| 0:03 | Build | House |
| 0:07 | Build | House |
| 1:19 | Create | Villager (Male) |
| 1:19 | Create | Villager (Male) |
| 2:12 | Create | Villager (Male) |
| 2:12 | Create | Villager (Male) |
| 2:24 | Create | Villager (Male) |
| 2:24 | Create | Villager (Male) |
| 2:42 | Build | Lumber Camp |
| 2:48 | Create | Villager (Male) |
| 2:48 | Create | Villager (Male) |
| 2:59 | Create | Villager (Male) |
| 2:59 | Create | Villager (Male) |
| 3:11 | Create | Villager (Male) |
| 3:11 | Create | Villager (Male) |
| 3:41 | Create | Villager (Male) |
| 3:44 | Build | House |
| 3:54 | Create | Villager (Male) |
| 3:54 | Create | Villager (Male) |
| 4:37 | Create | Villager (Male) |
| 4:37 | Create | Villager (Male) |
| 5:09 | Create | Villager (Male) |
| 5:37 | Build | Mill |
| 6:04 | Create | Villager (Male) |
| 6:47 | Research | Feudal Age |
| 6:48 | Research | Feudal Age |
| 7:38 | Build | House |
| 7:42 | Build | House |
| 8:24 | Create | Villager (Male) |
| 8:24 | Create | Villager (Male) |
| 9:06 | Build | Town Center |
| 9:28 | Create | Villager (Male) |
| 9:42 | Create | Villager (Male) |
| 9:59 | Create | Villager (Male) |
| 10:39 | Create | Villager (Male) |
| 10:40 | Create | Villager (Male) |
| 10:42 | Research | Double-Bit Axe |
| 10:55 | Create | Villager (Male) |
| 11:16 | Create | Villager (Male) |
| 11:25 | Create | Villager (Male) |
| 11:28 | Build | Farm |
| 11:31 | Create | Villager (Male) |
| 11:31 | Create | Villager (Male) |
| 11:39 | Build | House |
| 11:41 | Create | Villager (Male) |
| 11:41 | Create | Villager (Male) |
| 11:49 | Build | Farm |
| 11:58 | Build | Farm |
| 12:06 | Build | Farm |
| 12:08 | Create | Villager (Male) |
| 12:18 | Build | Farm |
| 12:25 | Build | Farm |
| 12:33 | Create | Villager (Male) |
| 12:33 | Create | Villager (Male) |
| 12:43 | Build | Farm |
| 12:56 | Create | Villager (Male) |
| 12:57 | Create | Villager (Male) |
| 13:03 | Build | Farm |
| 13:04 | Build | Farm |
| 13:05 | Build | Farm |
| 13:14 | Create | Villager (Male) |
| 13:15 | Research | Loom |
| 13:18 | Create | Villager (Male) |
| 13:22 | Create | Villager (Male) |
| 13:22 | Create | Villager (Male) |
| 13:30 | Build | Farm |
| 13:37 | Build | Farm |
| 13:38 | Create | Villager (Male) ×2 |
| 13:39 | Create | Villager (Male) |
| 13:41 | Build | Farm |
| 13:56 | Create | Villager (Male) |
| 13:57 | Create | Villager (Male) |
| 14:09 | Build | Farm |
| 14:09 | Build | Farm |
| 14:12 | Research | Horse Collar |
| 14:26 | Build | House |
| 14:29 | Build | House |
| 14:31 | Build | House |
| 14:34 | Create | Villager (Male) ×2 |
| 14:34 | Research | Loom |
| 14:43 | Create | Villager (Male) |
| 14:43 | Create | Villager (Male) |
| 14:43 | Create | Villager (Male) |
| 14:45 | Research | Wheelbarrow |
| 14:52 | Build | Farm |
| 14:58 | Create | Villager (Male) |
| 14:58 | Create | Villager (Male) |
| 15:05 | Create | Villager (Male) |
| 15:05 | Create | Villager (Male) |
| 15:16 | Create | Villager (Male) ×3 |
| 15:17 | Create | Villager (Male) |
| 15:24 | Create | Villager (Male) |
| 15:24 | Create | Villager (Male) |
| 15:27 | Build | Farm |
| 15:27 | Build | Farm |
| 15:27 | Build | Farm |
| 15:28 | Build | Farm |
| 15:28 | Build | Farm |
| 15:34 | Create | Villager (Male) |
| 15:42 | Build | House |
| 15:43 | Build | House |
| 15:47 | Create | Villager (Male) ×2 |
| 15:48 | Create | Villager (Male) |
| 16:03 | Create | Villager (Male) |
| 16:03 | Create | Villager (Male) |
| 16:14 | Build | Lumber Camp |
| 16:24 | Build | House |
| 16:27 | Build | House |
| 16:47 | Build | Farm |
| 16:50 | Build | Farm |
| 16:53 | Build | Farm |
| 16:57 | Build | Farm |
| 17:01 | Build | Farm |
| 17:09 | Create | Villager (Male) |
| 17:09 | Create | Villager (Male) |
| 17:22 | Build | Farm |
| 17:24 | Create | Villager (Male) |
| 17:46 | Build | Lumber Camp |
| 17:51 | Create | Villager (Male) |
| 18:02 | Create | Villager (Male) |
| 18:02 | Create | Villager (Male) |
| 18:15 | Create | Villager (Male) |
| 18:21 | Build | Market |
| 18:22 | Create | Villager (Male) |
| 18:41 | Build | Farm |
| 18:43 | Build | Farm |
| 18:46 | Create | Villager (Male) |
| 18:52 | Create | Villager (Male) |
| 18:59 | Build | Blacksmith |
| 19:01 | Build | House |
| 19:02 | Build | House |
| 19:16 | Build | House |
| 19:17 | Build | House |
| 19:21 | Build | Barracks |
| 19:22 | Create | Villager (Male) |
| 19:32 | Build | Mill |
| 19:33 | Create | Villager (Male) |
| 19:43 | Create | Villager (Male) |
| 19:48 | Create | Villager (Male) |
| 19:52 | Research | Castle Age |
| 20:01 | Create | Villager (Male) |
| 20:03 | Research | Scale Barding Armor |
| 20:04 | Research | Forging |
| 20:06 | Create | Villager (Male) |
| 20:07 | Research | Loom |
| 20:12 | Create | Villager (Male) ×2 |
| 20:14 | Build | Farm |
| 20:15 | Build | Farm |
Build order — Don Pollo
First 150 of 157 actions detected
| 0:01 | Create | Villager (Male) |
| 0:01 | Create | Villager (Male) |
| 0:01 | Create | Villager (Male) |
| 0:02 | Create | Villager (Male) |
| 0:03 | Build | House |
| 0:05 | Build | House |
| 1:30 | Create | Villager (Male) |
| 1:50 | Build | Lumber Camp |
| 2:16 | Create | Villager (Male) |
| 2:32 | Create | Villager (Male) |
| 2:59 | Create | Villager (Male) |
| 3:14 | Create | Villager (Male) |
| 3:51 | Create | Villager (Male) |
| 4:00 | Build | House |
| 4:24 | Create | Villager (Male) |
| 4:26 | Create | Villager (Male) |
| 4:30 | Build | House |
| 5:09 | Build | House |
| 5:12 | Create | Villager (Male) |
| 5:37 | Create | Villager (Male) |
| 5:37 | Create | Villager (Male) |
| 5:38 | Create | Villager (Male) |
| 5:38 | Create | Villager (Male) |
| 5:38 | Create | Villager (Male) |
| 6:49 | Build | Mill |
| 7:42 | Create | Villager (Male) |
| 7:57 | Build | Farm |
| 7:58 | Build | Farm |
| 8:06 | Create | Villager (Male) |
| 8:06 | Create | Villager (Male) |
| 8:29 | Create | Villager (Male) |
| 8:38 | Build | Mining Camp |
| 9:16 | Build | Farm |
| 9:19 | Research | Feudal Age |
| 10:24 | Build | Farm |
| 10:43 | Create | Villager (Male) |
| 10:43 | Create | Villager (Male) |
| 11:35 | Age | Feudal Age |
| 11:40 | Build | Market |
| 11:43 | Build | Blacksmith |
| 12:23 | Research | Castle Age |
| 12:23 | Research | Castle Age |
| 12:38 | Research | Horse Collar |
| 13:13 | Research | Double-Bit Axe |
| 14:26 | Build | Lumber Camp |
| 14:48 | Create | Villager (Male) |
| 14:48 | Create | Villager (Male) |
| 15:05 | Age | Castle Age |
| 15:16 | Build | Town Center |
| 15:36 | Create | Villager (Male) |
| 15:53 | Build | Town Center |
| 16:08 | Research | Heavy Plow |
| 16:12 | Build | Farm |
| 16:12 | Build | Farm |
| 16:13 | Build | Farm |
| 16:13 | Build | Farm |
| 16:13 | Build | Farm |
| 16:13 | Build | Farm |
| 16:14 | Build | Farm |
| 16:27 | Create | Villager (Male) |
| 16:48 | Build | Farm |
| 16:48 | Build | Farm |
| 16:48 | Build | Farm |
| 16:49 | Build | Farm |
| 16:52 | Create | Villager (Male) |
| 16:52 | Create | Villager (Male) |
| 17:13 | Create | Villager (Male) |
| 17:13 | Create | Villager (Male) |
| 17:29 | Build | Farm |
| 17:33 | Build | Farm |
| 17:34 | Create | Villager (Male) |
| 17:35 | Create | Villager (Male) |
| 17:40 | Build | Farm |
| 17:42 | Build | Farm |
| 17:43 | Build | Farm |
| 17:44 | Create | Villager (Male) |
| 18:01 | Create | Villager (Male) |
| 18:06 | Create | Villager (Male) |
| 18:13 | Build | Farm |
| 18:14 | Build | Farm |
| 18:16 | Create | Villager (Male) |
| 18:19 | Research | Loom |
| 18:21 | Build | House |
| 18:29 | Research | Town Watch |
| 18:41 | Research | Wheelbarrow |
| 18:41 | Research | Wheelbarrow |
| 18:45 | Build | Farm |
| 18:45 | Build | Farm |
| 18:45 | Build | Farm |
| 18:45 | Build | Farm |
| 18:46 | Build | Farm |
| 18:59 | Create | Villager (Male) |
| 19:14 | Build | Barracks |
| 19:28 | Create | Villager (Male) |
| 19:28 | Create | Villager (Male) |
| 19:29 | Create | Villager (Male) |
| 19:29 | Create | Villager (Male) |
| 19:29 | Create | Villager (Male) |
| 19:47 | Create | Villager (Male) ×3 |
| 19:53 | Build | Stable |
| 20:03 | Build | House |
| 20:05 | Build | House |
| 20:07 | Build | House |
| 20:07 | Build | House |
| 20:08 | Build | House |
| 20:28 | Build | Siege Workshop |
| 20:50 | Create | Villager (Male) |
| 20:50 | Create | Villager (Male) |
| 20:50 | Create | Villager (Male) |
| 21:07 | Create | Mangonel |
| 21:11 | Create | Villager (Male) |
| 21:11 | Create | Villager (Male) |
| 21:21 | Build | Farm |
| 21:24 | Create | Villager (Male) ×4 |
| 21:35 | Build | Farm |
| 21:53 | Create | Mangonel |
| 21:53 | Create | Mangonel |
| 21:55 | Create | Villager (Male) |
| 21:55 | Create | Villager (Male) |
| 22:01 | Build | House |
| 22:35 | Create | Villager (Male) ×5 |
| 22:36 | Create | Mangonel |
| 22:41 | Build | House |
| 22:50 | Create | Villager (Male) ×3 |
| 23:00 | Build | Lumber Camp |
| 23:03 | Create | Villager (Male) |
| 23:10 | Build | House |
| 23:13 | Create | Knight |
| 23:35 | Build | Monastery |
| 23:37 | Create | Villager (Male) ×4 |
| 23:52 | Create | Villager (Male) ×3 |
| 24:00 | Build | Farm |
| 24:02 | Build | Farm |
| 24:04 | Create | Monk |
| 24:06 | Build | House |
| 24:12 | Create | Knight |
| 24:21 | Create | Villager (Male) ×3 |
| 24:30 | Build | House |
| 24:36 | Create | Villager (Male) ×2 |
| 24:40 | Build | Farm |
| 25:01 | Create | Monk |
| 25:06 | Create | Mangonel |
| 25:16 | Build | House |
| 25:18 | Build | House |
| 25:19 | Build | House |
| 25:19 | Build | House |
| 25:24 | Create | Monk |
| 25:34 | Research | Sanctity |
| 25:37 | Create | Villager (Male) ×5 |
| 25:37 | Create | Villager (Male) ×5 |
Build order — Shawzy Ze Great
First 150 of 233 actions detected
| 0:01 | Create | Villager (Male) |
| 0:01 | Create | Villager (Male) |
| 0:01 | Create | Villager (Male) |
| 0:02 | Create | Villager (Male) |
| 0:03 | Build | House |
| 0:05 | Build | House |
| 1:38 | Create | Villager (Male) |
| 1:45 | Build | Lumber Camp |
| 1:58 | Create | Villager (Male) |
| 2:29 | Create | Villager (Male) |
| 2:49 | Create | Villager (Male) |
| 3:13 | Create | Villager (Male) |
| 3:13 | Create | Villager (Male) |
| 3:51 | Build | House |
| 3:52 | Build | House |
| 4:17 | Create | Villager (Male) |
| 4:34 | Create | Villager (Male) |
| 4:35 | Create | Villager (Male) |
| 4:35 | Create | Villager (Male) |
| 4:41 | Build | Mill |
| 5:38 | Create | Villager (Male) |
| 5:39 | Create | Villager (Male) |
| 5:53 | Create | Villager (Male) |
| 6:05 | Build | Mill |
| 6:24 | Create | Villager (Male) |
| 7:25 | Create | Villager (Male) |
| 7:26 | Create | Villager (Male) |
| 7:47 | Build | Mining Camp |
| 8:20 | Create | Villager (Male) |
| 8:22 | Research | Feudal Age |
| 9:04 | Build | Farm |
| 9:13 | Build | Farm |
| 9:58 | Build | Farm |
| 11:03 | Research | Castle Age |
| 11:19 | Build | House |
| 11:21 | Build | House |
| 11:27 | Create | Villager (Male) |
| 11:30 | Research | Double-Bit Axe |
| 11:35 | Research | Horse Collar |
| 13:46 | Build | Town Center |
| 13:51 | Create | Villager (Male) |
| 14:14 | Build | Farm |
| 14:21 | Build | Town Center |
| 14:24 | Create | Villager (Male) |
| 14:34 | Create | Villager (Male) |
| 14:36 | Build | Farm |
| 14:38 | Create | Villager (Male) |
| 14:39 | Create | Villager (Male) |
| 14:48 | Build | Farm |
| 15:10 | Create | Villager (Male) |
| 15:14 | Build | Farm |
| 15:19 | Create | Villager (Male) |
| 15:22 | Create | Villager (Male) |
| 15:22 | Create | Villager (Male) |
| 15:28 | Build | Farm |
| 15:29 | Build | Farm |
| 15:34 | Build | Farm |
| 15:40 | Create | Villager (Male) |
| 15:40 | Create | Villager (Male) |
| 15:40 | Create | Villager (Male) |
| 15:52 | Build | Monastery |
| 15:58 | Build | Farm |
| 16:03 | Create | Villager (Male) |
| 16:07 | Create | Villager (Male) |
| 16:16 | Build | Farm |
| 16:27 | Build | Farm |
| 16:30 | Create | Villager (Male) |
| 16:32 | Create | Villager (Male) |
| 16:38 | Build | House |
| 16:42 | Build | House |
| 16:44 | Create | Villager (Male) |
| 16:48 | Build | Farm |
| 16:51 | Create | Monk |
| 16:57 | Create | Villager (Male) |
| 17:05 | Build | Farm |
| 17:06 | Build | Farm |
| 17:07 | Build | Farm |
| 17:08 | Build | Farm |
| 17:13 | Create | Villager (Male) |
| 17:17 | Build | House |
| 17:20 | Build | House |
| 17:21 | Build | House |
| 17:23 | Build | House |
| 17:24 | Build | House |
| 17:25 | Build | House |
| 17:26 | Build | House |
| 17:29 | Build | House |
| 17:31 | Build | House |
| 17:33 | Create | Villager (Male) |
| 17:33 | Create | Villager (Male) |
| 17:33 | Create | Villager (Male) |
| 17:40 | Build | Farm |
| 17:41 | Build | Farm |
| 17:46 | Build | Farm |
| 17:48 | Create | Villager (Male) |
| 17:51 | Create | Villager (Male) |
| 17:54 | Create | Monk |
| 18:05 | Create | Villager (Male) |
| 18:13 | Build | Farm |
| 18:15 | Create | Villager (Male) |
| 18:18 | Create | Villager (Male) |
| 18:21 | Create | Villager (Male) |
| 18:28 | Build | House |
| 18:29 | Build | House |
| 18:34 | Build | Blacksmith |
| 18:49 | Create | Villager (Male) |
| 18:50 | Create | Villager (Male) |
| 18:50 | Create | Villager (Male) |
| 18:51 | Create | Villager (Male) |
| 19:01 | Create | Villager (Male) |
| 19:04 | Build | Farm |
| 19:05 | Build | Farm |
| 19:06 | Build | Farm |
| 19:06 | Build | Farm |
| 19:29 | Create | Villager (Male) |
| 19:29 | Create | Villager (Male) |
| 19:30 | Create | Villager (Male) |
| 19:30 | Create | Villager (Male) |
| 19:31 | Create | Villager (Male) |
| 19:37 | Build | Farm |
| 19:37 | Build | Farm |
| 19:49 | Build | Mining Camp |
| 19:59 | Build | House |
| 20:02 | Build | House |
| 20:12 | Create | Villager (Male) |
| 20:12 | Create | Villager (Male) |
| 20:12 | Create | Villager (Male) |
| 20:12 | Create | Villager (Male) |
| 20:17 | Build | Farm |
| 20:21 | Research | Gold Mining |
| 20:32 | Build | Farm |
| 20:32 | Build | Farm |
| 20:33 | Build | Farm |
| 20:36 | Create | Villager (Male) |
| 20:36 | Create | Villager (Male) |
| 20:36 | Create | Villager (Male) |
| 20:36 | Create | Villager (Male) |
| 20:36 | Create | Villager (Male) |
| 20:36 | Create | Villager (Male) |
| 20:39 | Build | Farm |
| 20:53 | Build | Mining Camp |
| 21:00 | Create | Villager (Male) |
| 21:01 | Create | Villager (Male) |
| 21:01 | Create | Villager (Male) |
| 21:07 | Build | Siege Workshop |
| 21:14 | Build | House |
| 21:41 | Create | Villager (Male) |
| 21:41 | Create | Villager (Male) |
| 21:41 | Create | Villager (Male) |
| 21:46 | Build | House |
Build order — P.T.D.Q
104 actions detected in the replay
| 0:02 | Create | Villager (Male) |
| 0:02 | Create | Villager (Male) |
| 0:03 | Build | House |
| 0:06 | Build | House |
| 0:18 | Create | Villager (Male) |
| 0:18 | Create | Villager (Male) |
| 1:26 | Create | Villager (Male) |
| 1:55 | Build | Lumber Camp |
| 2:04 | Create | Villager (Male) |
| 2:19 | Create | Villager (Male) |
| 2:50 | Create | Villager (Male) |
| 3:06 | Create | Villager (Male) |
| 3:35 | Build | House |
| 3:36 | Build | House |
| 3:37 | Build | House |
| 3:38 | Create | Villager (Male) |
| 3:58 | Create | Villager (Male) |
| 4:37 | Create | Villager (Male) |
| 4:37 | Create | Villager (Male) |
| 4:56 | Build | Palisade Wall |
| 5:02 | Create | Villager (Male) |
| 5:02 | Create | Villager (Male) |
| 5:02 | Create | Villager (Male) |
| 5:53 | Create | Villager (Male) |
| 5:54 | Create | Villager (Male) |
| 6:10 | Build | Mill |
| 6:19 | Create | Villager (Male) |
| 6:49 | Create | Villager (Male) |
| 7:00 | Create | Villager (Male) |
| 7:01 | Create | Villager (Male) |
| 7:10 | Build | Mill |
| 7:20 | Create | Villager (Male) |
| 7:21 | Create | Villager (Male) |
| 7:21 | Create | Villager (Male) |
| 7:21 | Create | Villager (Male) |
| 8:09 | Build | Mining Camp |
| 9:22 | Create | Villager (Male) |
| 9:22 | Create | Villager (Male) |
| 9:48 | Research | Feudal Age |
| 10:16 | Build | Mining Camp |
| 10:20 | Build | Farm |
| 10:21 | Build | Farm |
| 10:23 | Build | Farm |
| 10:24 | Build | Farm |
| 11:16 | Build | Barracks |
| 11:39 | Build | House |
| 12:29 | Create | Villager (Male) |
| 12:44 | Age | Feudal Age |
| 12:49 | Build | Blacksmith |
| 12:57 | Create | Villager (Male) |
| 13:05 | Build | Archery Range |
| 13:26 | Build | Farm |
| 13:35 | Research | Castle Age |
| 13:45 | Research | Double-Bit Axe |
| 13:59 | Research | Horse Collar |
| 14:48 | Research | Loom |
| 14:55 | Build | Farm |
| 14:58 | Build | Farm |
| 16:14 | Age | Castle Age |
| 16:34 | Create | Spearman |
| 16:40 | Create | Villager (Male) |
| 16:40 | Create | Villager (Male) |
| 17:07 | Build | Castle |
| 17:16 | Create | Villager (Male) |
| 17:19 | Build | Farm |
| 17:52 | Create | Villager (Male) |
| 17:55 | Build | Farm |
| 18:00 | Build | Farm |
| 18:02 | Build | Farm |
| 18:04 | Build | Farm |
| 18:09 | Build | House |
| 18:09 | Build | House |
| 18:11 | Create | Villager (Male) |
| 18:25 | Create | Villager (Male) |
| 18:26 | Build | Farm |
| 18:42 | Build | Mining Camp |
| 19:20 | Build | House |
| 19:31 | Research | Imperial Age |
| 19:32 | Research | Imperial Age |
| 19:50 | Build | Lumber Camp |
| 20:30 | Build | Siege Workshop |
| 20:38 | Build | House |
| 21:20 | Create | Mangonel |
| 22:08 | Create | Mangonel |
| 22:15 | Build | House |
| 22:17 | Build | House |
| 22:41 | Age | Imperial Age |
| 22:44 | Create | Trebuchet (Packed) |
| 22:46 | Create | Villager (Male) |
| 22:47 | Create | Villager (Male) |
| 23:25 | Create | Villager (Male) |
| 23:25 | Create | Villager (Male) |
| 23:41 | Create | Trebuchet (Packed) |
| 23:44 | Create | Villager (Male) |
| 23:50 | Research | Bow Saw |
| 24:08 | Create | Trebuchet (Packed) |
| 24:12 | Create | Villager (Male) |
| 25:31 | Create | Genoese Crossbowman |
| 25:32 | Create | Genoese Crossbowman |
| 25:32 | Create | Genoese Crossbowman |
| 25:42 | Create | Genoese Crossbowman |
| 25:47 | Create | Villager (Male) |
| 25:47 | Create | Villager (Male) |
| 25:48 | Create | Villager (Male) |
Build order — ChancellorTS
First 150 of 162 actions detected
| 0:01 | Create | Villager (Male) |
| 0:01 | Create | Villager (Male) |
| 0:01 | Create | Villager (Male) |
| 0:03 | Build | House |
| 0:05 | Build | House |
| 0:31 | Create | Villager (Male) |
| 1:25 | Create | Villager (Male) |
| 1:50 | Build | Lumber Camp |
| 2:02 | Create | Villager (Male) |
| 2:20 | Create | Villager (Male) |
| 2:46 | Create | Villager (Male) |
| 3:03 | Create | Villager (Male) |
| 3:16 | Build | House |
| 3:19 | Build | House |
| 3:21 | Build | House |
| 3:42 | Create | Villager (Male) |
| 3:54 | Create | Villager (Male) |
| 4:31 | Create | Villager (Male) |
| 4:31 | Create | Villager (Male) |
| 4:45 | Build | Mill |
| 5:24 | Create | Villager (Male) |
| 5:25 | Create | Villager (Male) |
| 6:06 | Create | Villager (Male) |
| 6:08 | Create | Villager (Male) |
| 7:01 | Create | Villager (Male) |
| 7:11 | Create | Villager (Male) |
| 7:39 | Build | Mining Camp |
| 7:41 | Create | Villager (Male) |
| 7:49 | Create | Villager (Male) |
| 7:55 | Create | Villager (Male) |
| 8:07 | Research | Feudal Age |
| 8:25 | Build | Farm |
| 9:53 | Create | Villager (Male) |
| 9:54 | Create | Villager (Male) |
| 10:39 | Build | Market |
| 10:42 | Build | Blacksmith |
| 11:27 | Research | Castle Age |
| 11:27 | Research | Castle Age |
| 12:06 | Research | Double-Bit Axe |
| 12:17 | Build | Farm |
| 12:21 | Build | Farm |
| 14:03 | Create | Villager (Male) |
| 14:09 | Build | Siege Workshop |
| 14:13 | Build | Siege Workshop |
| 14:19 | Create | Villager (Male) |
| 14:38 | Build | House |
| 14:40 | Build | House |
| 14:59 | Create | Villager (Male) |
| 15:00 | Create | Battering Ram |
| 15:00 | Create | Battering Ram |
| 15:14 | Create | Villager (Male) |
| 15:21 | Create | Battering Ram |
| 15:22 | Create | Battering Ram |
| 15:24 | Create | Villager (Male) |
| 15:29 | Build | House |
| 15:31 | Build | House |
| 15:47 | Create | Scorpion ×2 |
| 15:47 | Create | Scorpion ×2 |
| 16:09 | Create | Villager (Male) |
| 16:11 | Create | Scorpion |
| 16:12 | Create | Scorpion |
| 16:20 | Create | Villager (Male) |
| 16:24 | Create | Scorpion |
| 16:24 | Create | Scorpion |
| 16:24 | Create | Scorpion |
| 16:29 | Build | House |
| 16:40 | Create | Villager (Male) |
| 16:55 | Create | Villager (Male) |
| 16:56 | Create | Scorpion ×3 |
| 16:57 | Create | Scorpion ×3 |
| 16:59 | Create | Villager (Male) |
| 17:07 | Build | House |
| 17:20 | Create | Scorpion |
| 17:20 | Create | Scorpion |
| 17:42 | Create | Villager (Male) |
| 17:45 | Create | Scorpion |
| 17:45 | Create | Scorpion |
| 17:53 | Create | Scorpion |
| 17:53 | Create | Scorpion |
| 18:00 | Create | Villager (Male) |
| 18:05 | Create | Scorpion |
| 18:05 | Create | Scorpion |
| 18:16 | Build | Farm |
| 18:23 | Create | Scorpion |
| 18:23 | Create | Scorpion |
| 18:50 | Create | Villager (Male) |
| 19:02 | Create | Scorpion |
| 19:02 | Create | Scorpion |
| 19:03 | Create | Scorpion |
| 19:37 | Create | Villager (Male) |
| 19:39 | Create | Scorpion |
| 19:39 | Create | Scorpion |
| 20:04 | Create | Villager (Male) |
| 20:07 | Create | Scorpion ×2 |
| 20:07 | Create | Scorpion ×2 |
| 20:11 | Build | House |
| 20:49 | Build | Farm |
| 20:49 | Build | Farm |
| 20:50 | Build | Farm |
| 20:50 | Build | Farm |
| 20:50 | Build | Farm |
| 20:50 | Build | Farm |
| 21:13 | Create | Villager (Male) |
| 21:19 | Build | House |
| 21:21 | Build | House |
| 21:55 | Create | Villager (Male) |
| 22:05 | Create | Battering Ram ×4 |
| 22:05 | Create | Battering Ram ×4 |
| 22:32 | Build | Farm |
| 22:33 | Create | Villager (Male) |
| 22:48 | Create | Villager (Male) |
| 23:20 | Build | Town Center |
| 23:23 | Create | Villager (Male) |
| 23:29 | Build | Farm |
| 23:51 | Create | Villager (Male) |
| 23:55 | Build | Farm |
| 24:13 | Create | Villager (Male) |
| 24:16 | Create | Villager (Male) |
| 24:19 | Create | Villager (Male) |
| 24:19 | Create | Villager (Male) |
| 24:31 | Build | Farm |
| 24:31 | Build | Farm |
| 24:31 | Build | Farm |
| 24:32 | Build | Farm |
| 24:32 | Build | Farm |
| 24:32 | Build | Farm |
| 24:32 | Build | Farm |
| 24:33 | Build | Farm |
| 24:33 | Build | Farm |
| 24:33 | Build | Farm |
| 24:59 | Create | Villager (Male) |
| 24:59 | Create | Villager (Male) |
| 24:59 | Create | Villager (Male) |
| 24:59 | Create | Villager (Male) |
| 25:03 | Build | Farm |
| 25:03 | Build | Farm |
| 25:04 | Build | Farm |
| 25:04 | Build | Farm |
| 25:04 | Build | Farm |
| 25:04 | Build | Farm |
| 25:05 | Build | Farm |
| 25:05 | Build | Farm |
| 25:05 | Build | Farm |
| 25:05 | Build | Farm |
| 25:38 | Build | Farm |
| 25:39 | Build | Farm |
| 25:40 | Build | Farm |
| 25:40 | Build | Farm |
| 25:41 | Create | Villager (Male) |
| 25:41 | Create | Villager (Male) |
Build order — hofbauerniclas
First 150 of 203 actions detected
| 0:01 | Create | Villager (Male) |
| 0:01 | Create | Villager (Male) |
| 0:04 | Build | House |
| 0:06 | Build | House |
| 0:07 | Create | Villager (Male) |
| 0:07 | Create | Villager (Male) |
| 1:28 | Create | Villager (Male) |
| 1:45 | Build | Lumber Camp |
| 2:00 | Create | Villager (Male) |
| 2:26 | Create | Villager (Male) |
| 2:49 | Create | Villager (Male) |
| 2:58 | Build | House |
| 3:24 | Create | Villager (Male) |
| 3:42 | Create | Villager (Male) |
| 4:08 | Create | Villager (Male) |
| 4:13 | Build | House |
| 4:17 | Build | Mill |
| 4:23 | Create | Villager (Male) |
| 4:24 | Create | Villager (Male) |
| 5:22 | Build | House |
| 5:30 | Create | Villager (Male) |
| 5:30 | Create | Villager (Male) |
| 5:30 | Create | Villager (Male) |
| 5:30 | Create | Villager (Male) |
| 5:33 | Create | Villager (Male) |
| 6:20 | Create | Villager (Male) |
| 6:24 | Build | Lumber Camp |
| 6:30 | Create | Villager (Male) |
| 7:04 | Create | Villager (Male) |
| 7:05 | Create | Villager (Male) |
| 7:05 | Create | Villager (Male) |
| 7:05 | Create | Villager (Male) |
| 7:06 | Create | Villager (Male) |
| 7:13 | Create | Villager (Male) |
| 7:13 | Create | Villager (Male) |
| 7:26 | Create | Villager (Male) |
| 8:08 | Build | Mining Camp |
| 8:13 | Research | Feudal Age |
| 8:56 | Build | Farm |
| 9:11 | Build | Mill |
| 9:20 | Build | Farm |
| 9:22 | Build | Farm |
| 9:42 | Create | Villager (Male) |
| 9:43 | Create | Villager (Male) |
| 10:30 | Build | Farm |
| 11:00 | Age | Feudal Age |
| 11:02 | Build | Market |
| 11:04 | Build | Blacksmith |
| 11:44 | Build | Farm |
| 11:48 | Research | Wheelbarrow |
| 11:54 | Build | Farm |
| 12:42 | Build | House |
| 12:58 | Research | Castle Age |
| 13:16 | Build | Farm |
| 13:20 | Build | Farm |
| 13:26 | Build | Farm |
| 13:33 | Research | Double-Bit Axe |
| 14:39 | Build | Lumber Camp |
| 15:45 | Age | Castle Age |
| 15:48 | Build | Town Center |
| 15:51 | Create | Villager (Male) |
| 15:52 | Create | Villager (Male) |
| 16:29 | Create | Villager (Male) |
| 16:34 | Build | Town Center |
| 16:39 | Create | Villager (Male) |
| 16:43 | Build | Farm |
| 16:49 | Create | Villager (Male) |
| 16:55 | Build | House |
| 17:00 | Create | Villager (Male) |
| 17:00 | Create | Villager (Male) |
| 17:00 | Create | Villager (Male) |
| 17:04 | Build | Farm |
| 17:12 | Build | Farm |
| 17:16 | Build | Farm |
| 17:39 | Build | Farm |
| 17:48 | Build | Farm |
| 18:05 | Create | Villager (Male) |
| 18:06 | Create | Villager (Male) |
| 18:06 | Create | Villager (Male) |
| 18:06 | Create | Villager (Male) |
| 18:06 | Create | Villager (Male) |
| 18:12 | Create | Villager (Male) |
| 18:16 | Build | Farm |
| 18:16 | Build | Farm |
| 18:16 | Build | Farm |
| 18:17 | Build | Farm |
| 18:21 | Create | Villager (Male) |
| 18:21 | Create | Villager (Male) |
| 18:22 | Create | Villager (Male) |
| 18:22 | Create | Villager (Male) |
| 18:32 | Build | Farm |
| 18:33 | Create | Villager (Male) |
| 18:40 | Build | House |
| 18:42 | Create | Villager (Male) |
| 18:43 | Create | Villager (Male) |
| 19:09 | Create | Villager (Male) |
| 19:15 | Create | Villager (Male) |
| 19:19 | Build | Farm |
| 19:20 | Create | Villager (Male) |
| 19:25 | Build | Farm |
| 19:28 | Build | Farm |
| 19:30 | Create | Villager (Male) |
| 19:34 | Build | Farm |
| 19:36 | Build | Farm |
| 19:39 | Build | Farm |
| 19:40 | Create | Villager (Male) |
| 19:59 | Create | Villager (Male) |
| 20:02 | Create | Villager (Male) |
| 20:05 | Build | Farm |
| 20:09 | Create | Villager (Male) |
| 20:15 | Build | Barracks |
| 20:18 | Create | Villager (Male) |
| 20:25 | Research | Bow Saw |
| 20:26 | Create | Villager (Male) |
| 20:45 | Build | House |
| 20:46 | Build | House |
| 20:46 | Build | House |
| 20:47 | Build | House |
| 20:48 | Build | House |
| 20:49 | Build | House |
| 20:53 | Create | Villager (Male) |
| 20:56 | Build | House |
| 21:01 | Create | Villager (Male) |
| 21:06 | Research | Hand Cart |
| 21:07 | Create | Villager (Male) |
| 21:13 | Create | Villager (Male) |
| 21:15 | Build | Farm |
| 21:18 | Create | Villager (Male) |
| 21:27 | Create | Villager (Male) |
| 21:30 | Create | Villager (Male) |
| 21:33 | Build | Stable |
| 21:36 | Create | Villager (Male) |
| 21:39 | Research | Forging |
| 21:39 | Research | Scale Barding Armor |
| 21:41 | Create | Villager (Male) |
| 21:43 | Build | Farm |
| 21:44 | Create | Villager (Male) |
| 22:08 | Create | Villager (Male) |
| 22:18 | Build | Mining Camp |
| 22:22 | Create | Villager (Male) |
| 22:24 | Research | Gold Mining |
| 22:24 | Research | Stone Mining |
| 22:26 | Create | Villager (Male) |
| 22:29 | Build | Farm |
| 22:30 | Create | Villager (Male) |
| 22:33 | Build | Farm |
| 22:37 | Build | Farm |
| 22:40 | Create | Villager (Male) |
| 22:49 | Build | House |
| 22:50 | Build | House |
Match timeline
| 4:56 | P.T.D.Q · wall_segment Palisade Wall x1 |
| 11:00 | hofbauerniclas · age_up feudal |
| 11:16 | P.T.D.Q · first_building Barracks |
| 11:35 | Don Pollo · age_up feudal |
| 11:51 | ChancellorTS · first_market_sell 100 stone |
| 12:05 | SoldierBoy · age_up feudal |
| 12:44 | P.T.D.Q · age_up feudal |
| 13:02 | SoldierBoy · first_market_sell 100 wood |
| 13:05 | P.T.D.Q · first_building Archery Range |
| 14:09 | ChancellorTS · first_building Siege Workshop |
| 15:05 | Don Pollo · age_up castle |
| 15:18 | ALPO4769 · first_building Monastery |
| 15:45 | hofbauerniclas · age_up castle |
| 15:52 | Shawzy Ze Great · first_building Monastery |
| 15:59 | SoldierBoy · age_up castle |
| 16:14 | P.T.D.Q · age_up castle |
| 17:07 | P.T.D.Q · first_building Castle |
| 17:56 | ALPO4769 · first_building Castle |
| 18:34 | ALPO4769 · first_market_sell 500 stone |
| 19:14 | ALPO4769 · first_building Siege Workshop |
| 19:14 | Don Pollo · first_building Barracks |
| 19:17 | SoldierBoy · first_market_buy 100 stone |
| 19:21 | Zilchland · first_building Barracks |
| 19:53 | Don Pollo · first_building Stable |
| 20:14 | Don Pollo · first_market_sell 100 food |
| 20:15 | hofbauerniclas · first_building Barracks |
| 20:15 | Don Pollo · first_market_buy 100 wood |
| 20:22 | Zilchland · first_building Stable |
| 20:28 | Don Pollo · first_building Siege Workshop |
| 20:30 | P.T.D.Q · first_building Siege Workshop |
| 20:42 | Don Pollo · tribute_sent a jugador 1 |
| 20:42 | Don Pollo · tribute_sent a jugador 2 |
| 20:42 | Don Pollo · tribute_sent a jugador 3 |
| 20:42 | Don Pollo · tribute_sent a jugador 5 |
| 20:42 | Don Pollo · tribute_sent a jugador 6 |
| 20:42 | Don Pollo · tribute_sent a jugador 7 |
| 20:42 | Don Pollo · tribute_sent a jugador 8 |
| 20:44 | ChancellorTS · first_market_buy 100 stone |
| 21:07 | Shawzy Ze Great · first_building Siege Workshop |
| 21:33 | hofbauerniclas · first_building Stable |
| 21:59 | Shawzy Ze Great · first_building Stable |
| 22:41 | P.T.D.Q · age_up imperial |
| 23:12 | Zilchland · first_market_sell 100 wood |
| 23:35 | Don Pollo · first_building Monastery |
| 23:48 | Don Pollo · tribute_sent a jugador 1 |
| 23:48 | Don Pollo · tribute_sent a jugador 2 |
| 23:48 | Don Pollo · tribute_sent a jugador 3 |
| 23:48 | Don Pollo · tribute_sent a jugador 5 |
| 23:48 | Don Pollo · tribute_sent a jugador 6 |
| 23:48 | Don Pollo · tribute_sent a jugador 7 |
| 23:48 | Don Pollo · tribute_sent a jugador 8 |
| 24:23 | Zilchland · first_market_buy 100 food |
| 24:50 | Shawzy Ze Great · first_building Barracks |
| 26:07 | ALPO4769 · first_market_buy 500 stone |
| 26:27 | hofbauerniclas · first_market_buy 100 stone |
| 26:34 | hofbauerniclas · first_market_sell 100 wood |
| 26:40 | hofbauerniclas · first_building Castle |
| 26:43 | hofbauerniclas · wall_segment Stone Wall x5 |
| 26:44 | P.T.D.Q · resign |
| 27:21 | Shawzy Ze Great · first_building Castle |
| 27:34 | hofbauerniclas · wall_segment Stone Wall x4 |
| 27:44 | hofbauerniclas · wall_segment Palisade Wall x1 |
| 28:26 | Don Pollo · first_building Castle |
[ AI ANALYSIS · 1 CREDIT ]
What really happened in this match?
Wolo.gg analyzes every decision: build order, eco, micro, common mistakes by bracket. Personalized analysis on WhatsApp or Discord in 30 seconds.
Civ guide
Khmer
Perfil
Jugador #10770145